 Dungeon Crawl Stone Soup version 0.29-a0-284-gf9362112df (webtiles) character file.

Game seed: 18234889294645708353

289 sokol815 the Skirmisher (level 6, -4/47 HPs)
             Began as a Djinni Gladiator on Mar 25, 2022.
             Was an Initiate of Uskayaw.
             Slain by Edmund
             ... wielding a +5 flail of holy wrath
              (5 damage)
             ... on level 4 of the Dungeon.
             The game lasted 00:05:51 (3185 turns).

sokol815 the Skirmisher (Djinni Gladiator)          Turns: 3185, Time: 00:05:51

Health: -4/47      AC:  5    Str: 13    XL:     6   Next: 57%
Gold:   309        EV: 13    Int: 12    God:    Uskayaw [......] SH:  0 Dex: 14

rFire   + + .      SeeInvis .   a - +0 war axe
rCold   x . .      Faith    .   (no shield)
rNeg    + . .      Spirit   .   l - +2 robe {rN+}
rPois   ∞          Reflect  .   c - +0 helmet
rElec   .          Harm     .   (no cloak)
rCorr   .          Rampage  .   (no gloves)
Will    .....      Clarity  +   (boots unavailable)
Stlth   +.........              (no amulet)
HPRegen 0.15/turn               (no ring)
MPRegen 0.00/turn               (no ring)

@: flying, unable to read
A: sickness immunity, fire resistance 2, cold vulnerability 1, float, innate
caster, HP casting, extra vitality 1, clarity, mutation resistance 1, inability
to read while threatened
a: Renounce Religion


You were on level 4 of the Dungeon.
You worshipped Uskayaw.
Uskayaw was noncommittal.
You visited 1 branch of the dungeon, and saw 4 of its levels.

You collected 309 gold pieces.

Inventory:

Hand Weapons
 a - a +0 war axe (weapon)
 m - a +0 vorpal falchion
   (You took it off an orc on level 3 of the Dungeon)
Missiles
 d - 3 throwing nets {!d}
 e - a javelin
 i - 3 boomerangs
 k - 14 poisoned darts
 s - 173 stones
Armour
 b - a +0 leather armour
 c - a +0 helmet (worn)
 l - a +2 robe of positive energy (worn)
   (You found it on level 2 of the Dungeon)
 n - a +0 ring mail
   (You took it off an orc on level 3 of the Dungeon)
Jewellery
 f - a ring of fire {rF+, rC-}
   (You found it on level 2 of the Dungeon)
Potions
 g - 2 potions of brilliance {unknown}
 h - a potion of might {unknown}
 j - a potion of lignification {unknown}
 p - a potion of ambrosia {unknown}
 q - 3 potions of curing {unknown}
 U - a potion of mutation {!q}


   Skills:
 + Level 3.8 Fighting
 + Level 3.7 Axes
 - Level 1.5 Throwing
 - Level 3.2 Dodging
 * Level 2.6 Spellcasting
 * Level 0.0 Invocations


You had 7 spell levels left.
You knew the following spells:

 Your Spells              Type           Power      Damage    Failure   Level
a - Corpse Rot            Necr/Air       16%        N/A       13%         2
A - Animate Skeleton      Necr           16%        N/A       9%          1
Your spell library was empty.

Dungeon Overview and Level Annotations

Branches:
Dungeon (4/15)
 Temple: D:4-7

Altars:
Uskayaw

Shops:
D:1 !

Annotations:
D:4 Edmund


Innate Abilities, Weirdness & Mutations

You are immune to sickness and miasma.
You are immune to poison.
Your flesh is very heat resistant. (rF++)
You are vulnerable to cold. (rC-)
You float through the air rather than walking.
You learn spells naturally, not from books.
Your magical power is your life essence.
You have superior vitality. (+4 MHP)
You possess an exceptional clarity of mind.
You are somewhat resistant to further mutation.
You sometimes lose the ability to read scrolls when taking damage.


Message History

You slash the hobgoblin!
You kill the hobgoblin!
No target in view!
No target in view!
You reach down and open the door.
There is an open door here.
A hound comes into view.
The hound barks!
You hit the hound. The hound barely misses you. The hound misses you.
You miss the hound. The hound misses you. The hound closely misses you.
The hound barely misses you.
You barely miss the hound. The hound bites you. x2
You take 3 damage, and have 43/46 hp.
You closely miss the hound. The hound bites you.
You take 1 damage, and have 42/46 hp.
You closely miss the hound. The hound closely misses you. x2
You hit the hound. The hound bites you. The hound closely misses you.
You take 3 damage, and have 39/46 hp.
You hit the hound. The hound completely misses you.
The hound closely misses you.
You barely miss the hound. The hound barely misses you. x2
You closely miss the hound. The hound bites you.
The hound bites you but does no damage.
You take 4 damage, and have 36/46 hp.
You miss the hound. The hound closely misses you. x2
You closely miss the hound. The hound closely misses you.
The hound barely misses you.
You barely miss the hound. The hound closely misses you. The hound bites you.
A scorpion comes into view.
You take 3 damage, and have 33/46 hp.
You slash the hound!
You kill the hound!
You see here a hound corpse.
You hit the scorpion. The scorpion completely misses you.
You can now pass through a line of other dancers.
You hit the scorpion but do no damage. The scorpion closely misses you.
The scorpion stings you.
You take 6 damage, and have 29/47 hp.
You hit the scorpion.
The scorpion stings you but does no damage. x2
You slash the scorpion! The scorpion barely misses you.
You slash the scorpion!
You kill the scorpion!
Uskayaw will force your foes to helplessly watch your dance.
You see here a scorpion corpse.
You start resting.
Health restored: 47 You reach down and open the door.
As you open the door, it creaks loudly!
There is an open door here.
You now have 282 gold pieces (gained 17).
You reach down and open the door.
There is an open door here.
As you open the door, it creaks loudly!
Found a stone staircase leading up.
There is an open door here.
You reach down and open the door.
There is an open door here.
You reach down and open the door.
There is an open door here.
You reach down and open the door.
There is an open door here.
Found a stone staircase leading up.
You reach down and open the door.
There is an open door here.
s - 173 stones (gained 29)
You now have 291 gold pieces (gained 9).
You now have 309 gold pieces (gained 18).
There is an open door here.
You reach down and open the door.
Edmund the Younger comes into view.
He is wielding a +5 flail of holy wrath.
Edmund shouts!
There is an open door here.
It was a potion of mutation.
You feel extremely strange.
Your thoughts seem clearer.
You lose the ability to read scrolls when threatened.
You feel genetically stable.
U - a potion of mutation
Okay, then.
You hit Edmund. You punch Edmund, but do no damage.
Edmund hits you with a +5 flail of holy wrath! x2
You feel threatened and lose the ability to read scrolls!
You take 23 damage, and have 24/47 hp.
MASSIVE DAMAGE!!
You stomp with the beat, sending a shockwave through the revellers around you!
You can no longer stomp with the beat.
Edmund hits you with a +5 flail of holy wrath!
* * * LOW HITPOINT WARNING * * *
You take 12 damage, and have 12/47 hp.
MASSIVE DAMAGE!!
You hit Edmund but do no damage.
Edmund hits you with a +5 flail of holy wrath.
* * * LOW HITPOINT WARNING * * *
You take 1 damage, and have 11/47 hp.
You hit Edmund but do no damage. Edmund closely misses you.
You hit Edmund.
Edmund hits you with a +5 flail of holy wrath!
* * * LOW HITPOINT WARNING * * *
Edmund hits you with a +5 flail of holy wrath.
You die...

#.....#.###.......#.##...#.
#######.########'##.##...#.
#...................+...#.
#...................#...#.
#...................#...#.
#......##....##....##...#.
#......##....##+#####...#.
#......##'#####....##...##
#......##@@..##....##†..##
#.............#..........#
#.............#..........#
#.>...........+..........#
............#..........#
............#...<......#
########################


You could see Edmund.

Vanquished Creatures
  A scorpion (D:4)
  A hound (D:4)
  An orc priest (D:3)
  A gnoll (D:1)
  An adder (D:3)
  4 orcs
  4 endoplasms
  5 giant cockroaches
  3 goblins
  9 hobgoblins
  2 quokkas (D:1)
  11 ball pythons
  4 bats (D:1)
  3 frilled lizards
  3 kobolds
  5 rats
58 creatures vanquished.

Vanquished Creatures (collateral kills)
  An ogre (D:3)
  A frilled lizard (D:3)
2 creatures vanquished.

Grand Total: 60 creatures vanquished

Notes
Turn   | Place    | Note
-------+----------+-------------------------------------------
     0 | D:1      | sokol815 the Djinni Gladiator began the quest for the Orb.
     0 | D:1      | Reached XP level 1. HP: 18/18 MP: 0/0
   114 | D:1      | Found Eloamn's Distillery.
   147 | D:1      | Reached XP level 2. HP: 23/23 MP: 0/0
   247 | D:1      | Reached XP level 3. HP: 17/29 MP: 0/0
   247 | D:1      | Learned a level 1 spell: Animate Skeleton
   787 | D:2      | Found a faded altar of an unknown god.
   793 | D:2      | Prayed at the altar of an unknown god.
   793 | D:2      | Became a worshipper of Uskayaw the Reveller
   793 | D:2      | Reached * piety under Uskayaw
   805 | D:2      | Reached skill level 3 in Axes
   872 | D:2      | Reached ** piety under Uskayaw
  1435 | D:2      | Reached XP level 4. HP: 34/34 MP: 0/0
  1441 | D:2      | Reached skill level 3 in Fighting
  1659 | D:3      | HP: 7/35 [orc/+0 vorpal falchion (1)]
  1671 | D:2      | Reached skill level 1 in Spellcasting
  1870 | D:3      | HP: 5/35 [orc priest/divine providence (10)]
  1870 | D:3      | HP: 1/35 [orc priest/+0 whip (4)]
  2029 | D:3      | Noticed an ogre
  2044 | D:3      | Killed an ogre
  2045 | D:3      | Reached skill level 2 in Spellcasting
  2045 | D:3      | Reached XP level 5. HP: 35/40 MP: 0/0
  2045 | D:3      | Learned a level 2 spell: Corpse Rot
  2101 | D:3      | Reached XP level 6. HP: 25/46 MP: 0/0
  2872 | D:4      | Reached *** piety under Uskayaw
  3178 | D:4      | Noticed Edmund
  3179 | D:4      | Gained mutation: You possess an exceptional clarity of
                  | mind. [potion of mutation]
  3179 | D:4      | Gained mutation: You sometimes lose the ability to read
                  | scrolls when taking damage. [potion of mutation]
  3179 | D:4      | Gained mutation: You are somewhat resistant to further
                  | mutation. [potion of mutation]
  3183 | D:4      | HP: 11/47 [Edmund/+5 flail of holy wrath (1)]
  3185 | D:4      | HP: 1/47 [Edmund/+5 flail of holy wrath (11)]
  3185 | D:4      | Slain by Edmund

Illustrated notes

Levels and vault maps discovered:
D:1:      ncdulo_halloftheorcs, layout_basic, serial_shops, nicolae_square_shop,
          ebering_dispersal_statue_hall, glass_columns_a, serial_bayou_pond_e
D:2:      layout_basic, dreamdust_ecumenical_altar_angels_and_demons,
          kennysheep_generic_room_13
D:3:      layout_basic
D:4:      layout_gridville, uniq_edmund

Skill      XL: |  1  2  3  4 |
---------------+-------------+-----
Axes           | 3 |  3.7
Fighting       | 3 |  3.8
Spellcasting   | 2 |  2.6
Throwing       | |  1.5
Dodging        | |  3.2

Action                   |  1- 3 |  4- 6 || total
-------------------------+-------+-------++-------
Melee: War axe           |    68 |    80 ||   148
       Punch             |     1 |     1 ||     2
Throw: Javelin           |     1 |       ||     1
 Cast: Animate Skeleton  |       |     4 ||     4
Invok: Stomp             |       |     4 ||     4
  Use: Scroll            |     3 |     2 ||     5
       Potion            |       |     3 ||     3
 Stab: Sleeping          |     1 |     1 ||     2
       Distracted        |       |     1 ||     1
Armor: Leather armour    |    17 |       ||    17
       Robe              |     2 |    23 ||    25
Dodge: Dodged            |    47 |    75 ||   122

Table legend: (Time is in decaauts)
 A = Elapsed time spent in this place.
 B = Non-inter-level travel time spent in this place.
 C = Inter-level travel time spent in this place.
 D = Time resting spent in this place.
 E = Time spent auto-exploring this place.
 F = Levels seen in this place.
 G = Mean time per level.
                   A        B        C        D        E       F      G
               +--------+--------+--------+--------+--------+-----+--------+
         Total |   3236 |   3153 |     83 |    419 |   2281 |   4 |  809.0 |
       Dungeon |   3236 |   3153 |     83 |    419 |   2281 |   4 |  809.0 |
               +--------+--------+--------+--------+--------+-----+--------+

Top non-repeatable levels by time:
     D:2: 1093 daAuts
     D:1: 774 daAuts
     D:3: 761 daAuts
     D:4: 607 daAuts

Table legend:
 A = Kills in this place as a percentage of kills in entire the game.
 B = Kills by you in this place as a percentage of kills by you in the entire game.
 C = Kills by friends in this place as a percentage of kills by friends in the entire game.
 D = Other kills in this place as a percentage of other kills in the entire game.
 E = Experience gained in this place as a percentage of experience gained in the entire game.
 F = Experience gained in this place divided by the number of levels of this place that you have seen.
                   A       B       C       D       E      F
               +-------+-------+-------+-------+-------+----------------------
         Total | 100.0 | 100.0 | 100.0 |   N/A | 100.0 | 103.2
       Dungeon | 100.0 | 100.0 | 100.0 |   N/A | 100.0 | 103.2
               +-------+-------+-------+-------+-------+----------------------
